 Dungeon Crawl Stone Soup version 0.30-a0-168-g0b976cbdc4 (webtiles) character file.

Game seed: 4139624433076857908

86 qw the Chopper (level 4, 0/28 HPs)
             Began as a Gargoyle Fighter on Sept 29, 2022.
             Killed from afar by Grinder (14 damage)
             ... with a puff of flame
             ... on level 3 of the Dungeon.
             The game lasted 00:00:37 (2067 turns).

qw the Chopper (Gargoyle Fighter)                   Turns: 2067, Time: 00:00:37

Health: 0/28       AC: 10    Str: 21    XL:     4   Next: 49%
Magic:  4/4        EV:  9    Int:  9    God:
Gold:   75         SH:  9    Dex:  9    Spells: 3/3 levels left

rFire   . . .      SeeInvis .    Y - +0 war axe (freeze)
rCold   . . .      Faith    .    c - +0 buckler
rNeg    + + .      Spirit   .    b - +0 scale mail
rPois   inf        Reflect  +    (no helmet)
rElec   +          Harm     .    (no cloak)
rCorr   .          Rampage  .    (no gloves)
Will    .....                    (no boots)
Stlth   ..........               f - amulet of reflection
HPRegen 0.09/turn                g - ring of positive energy
MPRegen 0.09/turn                (no ring)

@: no status effects
A: sickness immunity, AC +3, negative energy resistance 1, electricity
resistance, torment resistance 1, petrification resistance
a: no special abilities


You were on level 3 of the Dungeon.
You visited 1 branch of the dungeon, and saw 3 of its levels.

You collected 75 gold pieces.


Innate Abilities, Weirdness & Mutations

You are immune to sickness and miasma.
Your stone body is resilient. (AC +3)
You are immune to poison.
You resist negative energy. (rN+)
You are resistant to electric shocks. (rElec)
You are resistant to unholy torment.
You are immune to petrification.


   Skills:
 - Level 3.2 Fighting
 + Level 4.2 Axes
 - Level 3.2 Armour
 - Level 3.2 Shields


You had 3 spell levels left.
You didn't know any spells.
Your spell library was empty.

Inventory:

Hand Weapons
 h - a +0 whip
 Y - a +0 war axe of freezing (weapon)
Armour
 b - a +0 scale mail (worn)
 c - a +0 buckler (worn)
Jewellery
 f - an amulet of reflection (around neck)
 g - a ring of positive energy (left hand)
Potions
 a - a potion of mutation {unknown}
 d - a potion of might
 e - a potion of ambrosia {unknown}
 i - a potion of brilliance {unknown}
 j - a potion of lignification {unknown}
 k - a potion of attraction {unknown}

Dungeon Overview and Level Annotations

Branches:
Dungeon (3/15)

Altars:

Annotations:
D:3 Grinder


Message History

Grinder is heavily wounded.
Grinder blinks!
You start resting.
Grinder is nearby!
You closely miss Grinder.
Grinder is moderately wounded.
Grinder gestures at you.
You suddenly lose the ability to move!
Grinder hits you.
Grinder blinks!
Grinder zaps a wand.
The puff of flame hits you!
You can move again.
You closely miss Grinder.
Grinder is moderately wounded.
Grinder blinks!
Grinder blinks!
Grinder zaps a wand.
The puff of flame misses you. Grinder gestures at you.
You resist with significant effort.
You hit Grinder but do no damage.
Grinder is moderately wounded.
Grinder gestures at you.
You suddenly lose the ability to move!
Grinder hits you but does no damage.
You can move again.
You barely miss Grinder.
Grinder is moderately wounded.
Grinder gestures at you.
You shrug off the repeated paralysis!
Grinder barely misses you.
You slash Grinder!
Grinder is severely wounded.
Grinder hits you.
You writhe in agony.
You slash Grinder!
Grinder is almost dead.
Grinder gestures at you. You resist with significant effort.
You hit Grinder but do no damage.
Grinder is almost dead.
Grinder zaps a wand.
The puff of flame hits you!
Ouch! That really hurt!
You die...

.# ### #+# .# #.#
#.# .# #.# #.# .#
#.# #.# .#
######.####.#####.#
..................#
##.###.####.....@5#
##.# #.# ######..#
##.# #.# #..# #.#
#.# #..# #.# #.#
#... #.# #.. ..###
#.# #.# ### #.#


You could see Grinder.

Vanquished Creatures
  Jessica (D:3)
  3 adders (D:2)
  7 ball pythons
  5 bats
  3 endoplasms
  A giant cockroach (D:2)
  4 goblins
  5 hobgoblins
  A frilled lizard (D:2)
  2 kobolds
  A rat (D:2)
33 creatures vanquished.

Notes
Turn   | Place    | Note
-------+----------+-------------------------------------------
     0 | D:1      | qw the Gargoyle Fighter began the quest for the Orb.
     0 | D:1      | Reached XP level 1. HP: 14/14 MP: 1/1
     0 | D:1      | 0 ||| qw: Version: 0.2-a-12-gaebbb33
     0 | D:1      | 0 ||| qw: Game counter: 1090
     0 | D:1      | 0 ||| qw: Always use a shield: true
     0 | D:1      | 0 ||| qw: God list: Okawaru
     0 | D:1      | 0 ||| qw: Allow faded altars: false
     0 | D:1      | 0 ||| qw: Do Orc after D:15 true
     0 | D:1      | 0 ||| qw: Do second Lair branch before Depths: true
     0 | D:1      | 0 ||| qw: Lair rune preference: random
     0 | D:1      | 0 ||| qw: Plans: Normal, Zot:1-4, God:TSO, Crypt, Tomb,
                  | Pan, Slime:5, Hells, Abyss, Orb
     0 | D:1      | 0 ||| PLANNING D:1-11
   159 | D:1      | Reached skill level 2 in Axes
   276 | D:1      | Reached XP level 2. HP: 19/19 MP: 2/2
   947 | D:1      | 947 ||| UPGRADING to amulet of reflection.
   952 | D:1      | 952 ||| READING scroll labelled HOFOIT MURCHIAG.
   953 | D:1      | 953 ||| READING scroll labelled BUBOAF PETOTT.
   954 | D:1      | 954 ||| READING scroll labelled NUERRE ZANOE.
   955 | D:1      | 955 ||| READING scroll labelled HINOODW BUTU.
   982 | D:2      | Reached skill level 3 in Axes
  1017 | D:2      | Reached XP level 3. HP: 20/23 MP: 3/3
  1119 | D:2      | 1119 ||| DROPPING +0 club.
  1327 | D:2      | 1327 ||| Stepping ~*~*~tactically~*~*~ (stealth).
  1375 | D:2      | Found a faded altar of an unknown god.
  1380 | D:2      | 1380 ||| Stepping ~*~*~tactically~*~*~ (water).
  1733 | D:2      | Reached XP level 4. HP: 28/28 MP: 4/4
  1856 | D:2      | 1856 ||| UPGRADING to ring of positive energy.
  1857 | D:2      | 1857 ||| READING scroll labelled OHACASHR EFEUSCH.
  1864 | D:3      | Noticed Jessica
  1866 | D:3      | Killed Jessica
  1867 | D:3      | Reached skill level 4 in Axes
  1975 | D:3      | 1975 ||| Stepping ~*~*~tactically~*~*~ (stealth).
  1976 | D:3      | 1976 ||| Stepping ~*~*~tactically~*~*~ (stealth).
  1985 | D:3      | 1985 ||| FLEEEEING.
  1986 | D:3      | 1986 ||| FLEEEEING.
  1987 | D:3      | 1987 ||| FLEEEEING.
  1988 | D:3      | 1988 ||| FLEEEEING.
  1989 | D:3      | 1989 ||| FLEEEEING.
  1990 | D:3      | 1990 ||| FLEEEEING.
  1991 | D:3      | 1991 ||| FLEEEEING.
  1992 | D:3      | 1992 ||| FLEEEEING.
  1993 | D:3      | 1993 ||| FLEEEEING.
  1994 | D:3      | 1994 ||| FLEEEEING.
  1995 | D:3      | 1995 ||| FLEEEEING.
  1996 | D:3      | 1996 ||| FLEEEEING.
  1997 | D:3      | 1997 ||| FLEEEEING.
  1998 | D:3      | 1998 ||| FLEEEEING.
  1999 | D:3      | 1999 ||| STAIRDANCE
  2043 | D:3      | Noticed Grinder
  2055 | D:3      | Paralysed by Grinder for 3 turns
  2062 | D:3      | Paralysed by Grinder for 2 turns
  2067 | D:3      | Killed from afar by Grinder

Levels and vault maps discovered:
D:1:      dpeg_arrival_pond, layout_loops_ring, kennysheep_minor_cross
D:2:      layout_loops_corners, shapermc_ecumenical_altar_notcrosses,
          minmay_fountain_box, chequers_jeans
D:3:      layout_basic, gammafunk_temple_overflow_pools, led_xom_imps,
          uniq_terence, uniq_grinder, uniq_jessica

Skill      XL: |  1  2  3  4 |
---------------+-------------+-----
Axes           | 2 3 4 |  4.2
Fighting       | |  3.2
Armour         | |  3.2
Shields        | |  3.2

Action                   |  1- 3 |  4- 6 || total
-------------------------+-------+-------++-------
Melee: War axe           |    78 |    19 ||    97
  Use: Scroll            |     4 |     1 ||     5
Armor: Scale mail        |    43 |    10 ||    53
Dodge: Dodged            |    23 |     7 ||    30
Block: Buckler           |    22 |     9 ||    31
       Reflection        |       |     2 ||     2

Table legend:
 A = Non-vault XP
 B = Vault XP
 C = Vault XP percentage of total XP
 D = Non-vault monster count
 E = Vault monster count
 F = Vault count percentage of total count
                 A         B        C        D         E       F
            +---------+---------+-------+---------+---------+-------
      Total |      86 |      37 |  30.1 |      32 |       1 |   3.0
            +---------+---------+-------+---------+---------+-------
        D:1 |      20 |       0 |   0.0 |      12 |       0 |   0.0
        D:2 |      62 |       0 |   0.0 |      17 |       0 |   0.0
        D:3 |       4 |      37 |  90.2 |       3 |       1 |  25.0
            +---------+---------+-------+---------+---------+-------
